AoeStats
← shi China

Arabia

507470244Analyzed
1v1 RM · 15d ago on Sep 18, 2026· 24m 30s· 2 players
Game mode
Random Map
Map size
Tiny (2 player)
Population
200
Speed
Normal
Resources
Standard
Victory
Conquest
Starting age
Dark Age
Ending age
Imperial Age
RankedLock teamsTeams togetherTeam positionsShared explorationLock speedFull tech treeHidden civsTurbo modeCheats
Victory
Defeat
🇿🇦 Goths · South Africa
1086
+15
🇨🇳 Franks · China
1058
-15
shi China
2:19 Loom
9:36 Feudal Age
14:08 Double-Bit Axe
15:29 Padded Archer Armor
dewald.schoeman2000
6:54 Loom
9:12 Feudal Age
9:21 Man-at-Arms
10:13 Double-Bit Axe
24:05 Castle Age
21:52 Town Watch
22:46 Wheelbarrow
22:22 Horse Collar
22:34 Gold Mining
23:57 Scale Mail Armor
Connection lost

Rejoining the realm…

Still unreachable

The connection could not be restored.

Session expired

The server has moved on; the page needs a fresh start.